 Dungeon Sprint DCSS version 0.22-a0-142-g91cc6d7 (webtiles) character file.

960 esc the Covert (level 8, -2/53 HPs)
             Began as a Kobold Enchanter on Feb 5, 2018.
             Was a Follower of Dithmenos.
             Slain by a demonic crawler (4 damage)
             ... in the Dungeon (Sprint I: "Red Sonja").
             The game lasted 00:02:00 (198 turns).

esc the Covert (Kobold Enchanter)                    Turns: 198, Time: 00:02:01

Health: -2/53      AC:  4    Str:  7    XL:     8   Next: 37%
Magic:  14/20      EV: 21    Int: 16    God:    Dithmenos [*.....]
Gold:   289        SH:  0    Dex: 16    Spells: 14/23 levels left

rFire    . . .     SeeInvis .   a - +1 dagger
rCold    . . .     Gourm    .   (shield restricted)
rNeg     . . .     Faith    .   b - +0 robe
rPois    .         Spirit   .   (no helmet)
rElec    .         Reflect  .   m - +0 cloak
rCorr    .         Harm     .   n - +0 pair of gloves
MR       .....     NoTele   +   (no boots)
Stlth    +++++.....             (no amulet)
HPRegen  0.17/turn              (no ring)
MPRegen  0.17/turn              (no ring)

@: very slightly contaminated, wreathed by umbra
A: small, carnivore
a: Renounce Religion


You were in the Dungeon.
You worshipped Dithmenos.
Dithmenos was aware of your devotion.
You were full.

You visited 1 branch You collected 405 gold pieces.
You spent 116 gold pieces at shops.

Inventory:

Hand Weapons
 a - a +1 dagger (weapon)
Armour
 b - a +0 robe (worn)
 m - a +0 cloak (worn)
   (You bought it in a shop in the Dungeon)
 n - a +0 pair of gloves (worn)
   (You bought it in a shop in the Dungeon)
Scrolls
 j - a scroll of blinking {!r}
 k - a scroll of identify {unknown}
Potions
 e - a potion of curing
 f - a potion of heal wounds
 g - a potion of haste
 h - a potion of magic
 l - a potion of invisibility {unknown}
Books
 c - a book of Maledictions
Comestibles
 d - a ration
 i - 7 chunks of flesh {@w0}


   Skills:
 + Level 7.2 Fighting
 + Level 9.2 Short Blades
 + Level 8.4 Dodging
 + Level 10.1 Stealth
 + Level 8.1 Spellcasting
 + Level 8.4 Hexes


You had 14 spell levels left.
You knew the following spells:

 Your Spells              Type           Power        Failure   Level  Hunger
a - Ensorcelled Hibernat  Hex/Ice        ###...       3%          2    None
b - Dazzling Spray        Conj/Hex       ###...       6%          3    ##.....
c - Confuse               Hex            ####....     1%          3    ##.....
v - Corona                Hex            ####...      1%          1    None


Dungeon Overview and Level Annotations

Branches:
Dungeon (1/1)

Altars:
Cheibriados
Dithmenos
Elyvilon
Fedhas
Gozag
Hepliaklqana
Kikubaaqudgha
Makhleb
Nemelex Xobeh
Okawaru
Qazlal
Ru
Sif Muna
Trog
Uskayaw
Vehumet
Wu Jian
Xom
Yredelemnul
Zin
The Shining One
Jiyva
Lugonu

Shops:
D [


Innate Abilities, Weirdness & Mutations

You are small and have problems with some larger weapons.
You are carnivorous and can eat meat at any time.


Message History

Aim: a kobold demonologist, wielding a dagger and wearing a robe (chance to defeat MR: 31%)
The kobold demonologist looks drowsy...
The kobold demonologist moves out of view.
The shadow imp misses you.
You now have 3/17 mp.
The helpless kobold demonologist fails to defend itself.
You stick the kobold demonologist like a pincushion!!!
You kill the kobold demonologist!
Dithmenos accepts your kill.
The shadow imp disappears in a puff of smoke!
Your Fighting skill increases to level 7!
Your Short Blades skill increases to level 9!
Your Dodging skill increases to level 8!
Your Stealth skill increases to level 10!
Your Hexes skill increases to level 8!
You have reached level 8!
Health restored: 53
Aim: a floating eye (fully charged, chance to defeat MR: 58%)
The floating eye resists with significant effort.
The kobold demonologist mumbles some strange words.
You now have 1/19 mp.
You don't have enough magic to cast that spell.
Magic courses through your body.
The floating eye gazes piercingly through you!
You suddenly lose the ability to move!
The white imp hits you. The white imp freezes you.
The white imp hits you but does no damage.
You can move again.
You take 6 damage, and have 47/53 hp.
MP restored: 19 Unknown command.
Unknown command.
Unknown command.
Aim: a floating eye (chance to defeat MR: 58%)
You miscast Ensorcelled Hibernation.
You are very lightly contaminated with residual magic.
Your skin tingles.
The white imp gestures at you. The puff of frost hits you!
You take 7 damage, and have 40/53 hp.
You now have 17/19 mp.
Unknown command.
Aim: a floating eye (chance to defeat MR: 58%)
The floating eye looks drowsy...
The white imp gestures at you. The puff of frost misses you.
You now have 15/19 mp.
The helpless floating eye fails to defend itself.
You spit the floating eye like a pig!!!!
You kill the floating eye!
Dithmenos accepts your kill.
You are shrouded in an aura of darkness!
Your Spellcasting skill increases to level 8!
Aim: a kobold demonologist, wielding a dagger and wearing a robe (chance to defeat MR: 44%)
The kobold demonologist appears confused.
The white imp closely misses you.
You now have 12/20 mp. 4 demonic crawlers come into view.
The demonic crawler gives a hideous shriek! x3
The white imp misses you.
The demonic crawler gives a hideous shriek!
There is an open door, spattered with blood here.
Things that are here:
a dagger; a robe; a kobold corpse You barely miss the kobold demonologist.
The white imp completely misses you. The demonic crawler hits you.
The demonic crawler barely misses you.
The demonic crawler completely misses you.
The kobold demonologist barely misses the demonic crawler.
You take 5 damage, and have 35/53 hp.
You hit the kobold demonologist but do no damage.
The demonic crawler closely misses you. The demonic crawler hits you.
The demonic crawler misses you.
The kobold demonologist hits the demonic crawler but does no damage.
You take 2 damage, and have 33/53 hp.
You hit the kobold demonologist but do no damage.
The demonic crawler misses you. x2; The demonic crawler barely misses you.
The demonic crawler closely misses you. x2; The demonic crawler misses you. x2
The demonic crawler hits you. The demonic crawler misses you.
The white imp barely misses you.
You take 6 damage, and have 27/53 hp.
You closely miss the kobold demonologist.
The demonic crawler hits you.
The demonic crawler completely misses you.
The demonic crawler closely misses you. The demonic crawler hits you.
The demonic crawler completely misses you.
The demonic crawler closely misses you.
You take 8 damage, and have 19/53 hp.
You hit the kobold demonologist but do no damage.
The demonic crawler hits you but does no damage.
The demonic crawler hits you. The demonic crawler misses you.
The white imp closely misses you.
You take 3 damage, and have 16/53 hp.
You hit the kobold demonologist. The demonic crawler hits you!
* * * LOW HITPOINT WARNING * * *
The demonic crawler hits you.
* * * LOW HITPOINT WARNING * * *
The demonic crawler closely misses you. The demonic crawler hits you.
* * * LOW HITPOINT WARNING * * *
The demonic crawler hits you.
You die...

###################
..#.)'..#__#..).sK#
.)'..#..'..'..#5@.#
#'#####'#__####.sss..#
..#...#.#### #####..+
###..##.# ## __##'#_.+
..รท'..._# __##_.#'#
__###+#[# ### ###


You could see 4 demonic crawlers, a kobold demonologist (confused) and a white
imp.

Vanquished Creatures
  A kobold demonologist (D)
  A slime creature (D)
  Sigmund (D)
  A yak (D)
  A floating eye (D)
  An ogre (D)
  A jelly (D)
  Ijyb (D)
8 creatures vanquished.

Notes
Turn   | Place    | Note
-------+----------+-------------------------------------------
     0 | D        | esc the Kobold Enchanter began the quest for the Orb.
     0 | D        | Reached XP level 1. HP: 10/10 MP: 3/3
     2 | D        | Noticed Ijyb
     7 | D        | Killed Ijyb
     7 | D        | Reached skill level 4 in Spellcasting
     7 | D        | Reached skill level 5 in Hexes
     7 | D        | Reached XP level 2. HP: 15/15 MP: 3/7
     7 | D        | Reached XP level 3. HP: 19/19 MP: 3/9
    17 | D        | Learned a level 2 spell: Ensorcelled Hibernation
    21 | D        | Learned a level 3 spell: Confuse
    25 | D        | Learned a level 3 spell: Dazzling Spray
    57 | D        | Noticed an ogre
    64 | D        | Killed an ogre
    64 | D        | Reached skill level 2 in Fighting
    64 | D        | Reached skill level 4 in Short Blades
    64 | D        | Reached skill level 4 in Dodging
    64 | D        | Reached skill level 5 in Stealth
    64 | D        | Reached skill level 5 in Spellcasting
    64 | D        | Reached XP level 4. HP: 27/27 MP: 8/11
    64 | D        | Reached XP level 5. HP: 32/32 MP: 8/12
    75 | D        | Noticed Sigmund
    77 | D        | Killed Sigmund
    77 | D        | Reached skill level 4 in Fighting
    77 | D        | Reached skill level 6 in Short Blades
    77 | D        | Reached skill level 6 in Dodging
    77 | D        | Reached skill level 7 in Stealth
    77 | D        | Reached skill level 6 in Spellcasting
    77 | D        | Reached skill level 6 in Hexes
    77 | D        | Reached XP level 6. HP: 39/39 MP: 10/15
    91 | D        | Found an ornate altar of the Wu Jian Council.
    91 | D        | Found a deep blue altar of Sif Muna.
    93 | D        | Found a radiant altar of Vehumet.
   124 | D        | Found Goeko's Armour Emporium.
   124 | D        | Found an ancient bone altar of Kikubaaqudgha.
   124 | D        | Found a hazy altar of Hepliaklqana.
   124 | D        | Found a stormy altar of Qazlal.
   124 | D        | Found a hide-covered altar of Uskayaw.
   124 | D        | Found a blossoming altar of Fedhas.
   124 | D        | Found a bloodstained altar of Trog.
   124 | D        | Found an iron altar of Okawaru.
   124 | D        | Found a basalt altar of Yredelemnul.
   124 | D        | Found a glowing golden altar of the Shining One.
   124 | D        | Found a snail-covered altar of Cheibriados.
   124 | D        | Found a sacrificial altar of Ru.
   124 | D        | Found a glowing silver altar of Zin.
   124 | D        | Found a shadowy altar of Dithmenos.
   124 | D        | Found a white marble altar of Elyvilon.
   124 | D        | Noticed a yak
   125 | D        | Found an opulent altar of Gozag.
   126 | D        | Killed a yak
   126 | D        | Reached skill level 5 in Fighting
   126 | D        | Reached skill level 7 in Short Blades
   126 | D        | Reached skill level 8 in Stealth
   126 | D        | Reached skill level 7 in Spellcasting
   126 | D        | Reached skill level 7 in Hexes
   126 | D        | Reached XP level 7. HP: 44/44 MP: 15/17
   127 | D        | Found a sparkling altar of Nemelex Xobeh.
   135 | D        | Became a worshipper of Dithmenos the Shadowed
   138 | D        | Bought a +0 cloak for 58 gold pieces
   138 | D        | Bought a +0 pair of gloves for 58 gold pieces
   158 | D        | Found a viscous altar of Jiyva.
   158 | D        | Found a corrupted altar of Lugonu.
   158 | D        | Noticed a slime creature
   159 | D        | Found a burning altar of Makhleb.
   159 | D        | Found a shimmering altar of Xom.
   161 | D        | Killed a slime creature
   161 | D        | Reached skill level 6 in Fighting
   161 | D        | Reached skill level 8 in Short Blades
   161 | D        | Reached skill level 7 in Dodging
   161 | D        | Reached skill level 9 in Stealth
   174 | D        | Noticed a kobold demonologist
   181 | D        | Noticed a kobold demonologist
   182 | D        | Killed a kobold demonologist
   182 | D        | Reached skill level 7 in Fighting
   182 | D        | Reached skill level 9 in Short Blades
   182 | D        | Reached skill level 8 in Dodging
   182 | D        | Reached skill level 10 in Stealth
   182 | D        | Reached skill level 8 in Hexes
   182 | D        | Reached XP level 8. HP: 53/53 MP: 3/19
   184 | D        | Paralysed by a floating eye for 2 turns
   188 | D        | Reached * piety under Dithmenos
   188 | D        | Reached skill level 8 in Spellcasting
   190 | D        | Noticed a demonic crawler
   190 | D        | Noticed a demonic crawler
   190 | D        | Noticed a demonic crawler
   190 | D        | Noticed a demonic crawler
   198 | D        | HP: 9/53 [demonic crawler (7)]
   198 | D        | HP: 2/53 [demonic crawler (6)]
   198 | D        | Slain by a demonic crawler

Vault maps used:
D:        dungeon_sprint_1

Skill      XL: |  1  2  3  4  5  6  7  8 |
---------------+-------------------------+-----
Spellcasting   | 4 5 6 7 8 |  8.1
Hexes          | 5 6 7 8 |  8.4
Fighting       | 2 4 5 7 |  7.2
Short Blades   | 4 6 7 9 |  9.2
Dodging        | 4 6 8 |  8.4
Stealth        | 5 7 8 10 | 10.1

Action                   |  1- 3 |  4- 6 |  7- 9 || total
-------------------------+-------+-------+-------++-------
Melee: Dagger            |     5 |     3 |     9 ||    17
 Cast: Ensorcelled Hiber |     1 |       |     8 ||     9
       Confuse           |       |       |     2 ||     2
  Use: Potion            |     1 |       |     1 ||     2
 Stab: Sleeping          |     3 |     3 |     3 ||     9
  Eat: Chunk             |     3 |       |       ||     3
Armor: Robe              |       |       |     2 ||     2
Dodge: Dodged            |     2 |       |    30 ||    32

Table legend:
 A = Spawn XP
 B = Non-spawn XP
 C = Spawn XP percentage of total XP
 D = Spawn monster count
 E = Non-spawn monster count
 F = Spawn count percentage of total count
 G = Total turns spent on level
                    A         B        C        D         E        F      G
               +---------+---------+-------+---------+---------+-------+---------
         Total |       0 |    1372 |   0.0 |       0 |       8 |   0.0 |   198
               +---------+---------+-------+---------+---------+-------+---------
             D |       0 |    1372 |   0.0 |       0 |       8 |   0.0 |   198
               +---------+---------+-------+---------+---------+-------+---------

Vault maps used:
D:        dungeon_sprint_1

Table legend:
 A = Turns spent in this place as a percentage of turns spent in the entire game.
 B = Non-inter-level travel turns spent in this place as a percentage of non-inter-level travel turns spent in the entire game.
 C = Inter-level travel turns spent in this place as a percentage of turns spent in this place.
 D = Turns resting spent in this place as a percentage of non-inter-level travel turns spent in this place.
 E = Turns spent auto-exploring this place as a percentage of non-inter-level travel turns spent in this place.
 F = Non-inter-level travel turns spent in this place divided by the number of levels of this place that you've seen.
                   A       B       C       D       E      F
               +-------+-------+-------+-------+-------+----------------------
         Total | 100.0 | 100.0 |   0.0 |  17.2 |   0.0 | 198.0
       Dungeon | 100.0 | 100.0 |   0.0 |  17.2 |   0.0 | 198.0
               +-------+-------+-------+-------+-------+----------------------

Table legend:
 A = Kills in this place as a percentage of kills in entire the game.
 B = Kills by you in this place as a percentage of kills by you in the entire game.
 C = Kills by friends in this place as a percentage of kills by friends in the entire game.
 D = Other kills in this place as a percentage of other kills in the entire game.
 E = Experience gained in this place as a percentage of experience gained in the entire game.
 F = Experience gained in this place divided by the number of levels of this place that you have seen.
                   A       B       C       D       E      F
               +-------+-------+-------+-------+-------+----------------------
         Total | 100.0 | 100.0 |   N/A |   N/A | 100.0 | 1372.0
       Dungeon | 100.0 | 100.0 |   N/A |   N/A | 100.0 | 1372.0
               +-------+-------+-------+-------+-------+----------------------
